Map: Orbital Shipyard

Players

MorN

  • Race: Terran Terran
  • League: Master

Jeremy - Winner!

  • Race: Zerg Zerg
  • League: Diamond

VOD

Have the link to the VOD?

Description

Time

  • Played on: Nov. 18, 2015, 6:16 p.m.
  • Length: 6:27
Show
View Real Time Build Order
Export as new Build Order

MorN Terran 

Build Orders: Command Center First (CC), Liberator Opening 

Get SALT Encoding   

  12  0:00  SCV  
  13  0:13  SCV  
  14  0:17  Supply Depot  
  14  0:25  SCV  
  15  0:39  SCV  
  16  0:57  Command Center  
  16  1:02  SCV  
  17  1:07  Refinery  
  17  1:14  SCV  
  18  1:20  Barracks  
  18  1:26  SCV  
  19  1:38  SCV  
  20  1:52  SCV  
  21  2:09  Factory  
  21  2:10  Marine  
  21  2:11  Orbital Command x2  
  22  2:31  Barracks Reactor  
  22  2:33  Refinery  
  22  2:43  SCV x2  
  24  2:55  SCV  
  24  2:57  Supply Depot  
  25  3:04  Starport  
  25  3:19  SCV x2  
  27  3:21  Hellion x2  
  27  3:25  Barracks Reactor  
  31  3:31  SCV  
  31  3:32  SCV  
  33  3:41  Command Center  
  33  3:43  SCV  
  33  3:44  SCV, Hellion x2  
  39  3:55  SCV, Liberator  
  40  3:56  SCV  
  41  4:07  SCV  
  41  4:08  SCV  
  43  4:11  Barracks Tech Lab  
  46  4:33  Barracks  
  46  4:35  Factory Reactor, Barracks, Liberator  
  46  4:37  Barracks Tech Lab  
  46  4:41  Refinery x2  
  46  4:42  Supply Depot  
  46  4:43  Engineering Bay  
  46  4:45  Engineering Bay  
  46  4:52  SCV x2  
  51  4:55  Orbital Command  
  51  5:04  SCV x2  
  53  5:07  Supply Depot  
  53  5:16  SCV x2  
  53  5:18  Marine  
  56  5:24  SCV  
  57  5:29  SCV  
  57  5:30  Supply Depot, Factory Reactor  
  57  5:35  Barracks  
  58  5:37  SCV, Barracks  
  58  5:40  Marine x5  
  58  5:42  Medivac x2  
  68  5:45  SCV x2  
  68  5:48  Supply Depot  
  70  5:51  SCV  
  70  5:54  Supply Depot  
  71  5:57  SCV  
  71  5:58  Marine  
  71  6:02  Marine x2  
  71  6:03  Marine x2  
Show
View Real Time Build Order
Export as new Build Order

Jeremy Zerg - Winner!

Build Orders: Hatch First, Roach Nydus 

Get SALT Encoding   

  12  0:00  Drone  
  13  0:13  Overlord  
  13  0:18  Drone  
  14  0:31  Drone  
  14  0:32  Drone  
  16  0:36  Drone  
  17  0:54  Hatchery  
  16  0:57  Drone  
  17  1:07  Drone  
  18  1:14  Spawning Pool  
  17  1:21  Drone  
  17  1:25  Drone  
  19  1:32  Drone  
  20  1:40  Drone  
  21  1:50  Overlord  
  21  2:04  Zergling x2  
  21  2:05  Queen x2  
  21  2:06  Overlord  
  26  2:12  Zergling x2  
  27  2:19  Overlord  
  27  2:27  Drone x2  
  29  2:40  Drone x2  
  29  2:41  Queen x2  
  35  2:48  Drone  
  35  2:50  Drone  
  37  2:57  Drone  
  38  2:59  Extractor  
  38  3:00  Drone  
  38  3:01  Extractor  
  37  3:09  Drone  
  38  3:14  Drone x2  
  38  3:15  Drone x5  
  38  3:17  Queen  
  47  3:32  Drone x3  
  47  3:33  Extractor  
  49  3:45  Drone x2  
  49  3:46  Drone  
  52  3:51  Lair  
  52  4:00  Overlord x3  
  52  4:08  Spore Crawler  
  52  4:09  Spore Crawler, Queen  
  52  4:13  Roach Warren  
  51  4:24  Overlord  
  51  4:34  Drone  
  51  4:35  Hatchery, Drone x6  
  57  4:39  Extractor  
  56  4:53  Roach x3  
  56  4:54  Roach x3  
  56  4:58  Glial Reconstitution  
  68  5:05  Nydus Network  
  68  5:07  Roach x4  
  75  5:21  Roach  
  75  5:22  Roach x3  
  83  5:30  Overlord x2  
  82  5:39  Roach  
  84  5:48  Roach x3  
  84  5:49  Roach x2  
  94  5:55  Roach x4  
  102  6:05  Nydus Canal  
Tags
 
Add a new tag
Caveats
  • Supply blocks, unpowered buildings, or Contaminate may cause inaccurate times.
  • Supply counts are checked every 10 seconds.